 Dungeon Crawl Stone Soup version 0.14.0-12-g87ee3b7 (console) character file.

2030 Garrluk the Spear-Bearer (level 9, -9/61 HPs)
             Began as a Merfolk Gladiator on Apr 15, 2014.
             Mangled by an iguana (10 damage)
             ... on Level 6 of the Dungeon.
             The game lasted 00:21:59 (5853 turns).

Garrluk the Spear-Bearer (Merfolk Gladiator)        Turns: 5853, Time: 00:22:00

HP  -9/61        AC 10     Str 15      XL: 9   Next:  3%
MP   4/20        EV 11     Int  8      God:
Gold 322         SH  0     Dex 15      Spells:  1 memorised, 15 levels left

rFire  + . .     SeeInvis .     a - +1 trident
rCold  . . .     Clarity  .     G - +2 ring mail {rPois}
rNeg   . . .     Conserve .     (no shield)
rPois  +         rCorr    .     c - +1 helmet
rElec  .         rRot     .     K - +0 cloak (curse)
SustAb + .       Spirit   .     (no gloves)
rMut   .         Warding  .     (no boots)
Saprov . . .     Stasis   .     (no amulet)
MR     .....                    J - ring of protection from fire
                                v - ring of sustain abilities {unknown}

@: very slightly contaminated, not resistant to hostile enchantments, very
unstealthy
A: change form in water, swift swim, blurry vision 1, dopey 1, spit poison 1
a: Spit Poison


You were on level 6 of the Dungeon.
You were hungry.

You visited 1 branch of the dungeon, and saw 6 of its levels.

You collected 322 gold pieces.

Inventory:

Hand weapons
 a - a +1,+1 trident (weapon)
 b - a +2,+2 dagger of venom
 u - a +0 blowgun
Missiles
 n - 8 stones
 t - 5 tomahawks (quivered)
Armour
 c - a +1 helmet (worn)
 G - a +2 ring mail of poison resistance (worn)
 K - a cursed +0 cloak (worn)
Magical devices
 w - a wand of fireball (0)
 y - a wand of lightning (3)
 E - a wand of frost (14)
 F - a wand of flame (5)
Comestibles
 d - a chunk of orc flesh
 f - 3 bread rations
 j - 13 strawberries
 k - 3 meat rations
 q - a snozzcumber
 x - a beef jerky
 B - a choko
 D - an apple
Scrolls
 h - a scroll of fog
 i - a scroll of teleportation
 m - 5 scrolls of identify
 o - a scroll of recharging
 p - 2 scrolls of enchant weapon I
 s - 2 scrolls of remove curse
 z - 2 scrolls of enchant weapon II
 C - a scroll of magic mapping
 H - a scroll of amnesia
Jewellery
 e - an uncursed ring of positive energy
 v - a ring of sustain abilities (left hand) {unknown}
 J - a ring of protection from fire (right hand)
Potions
 l - 2 potions of restore abilities
 M - a potion of heal wounds
Books
 A - a book of Party Tricks

   Spells                             Type                      Level
   Summon Butterflies                 Summoning                    1
   Apportation                        Translocation                1
   *Blink                             Translocation                2
   Alistair's Intoxication            Transmutation/Poison         4
   Tukima's Dance                     Hexes                        5


   Skills:
 - Level 2.1 Fighting
 * Level 12.0 Polearms
 - Level 5.1 Throwing
 + Level 5.5 Dodging
 + Level 4.6 Spellcasting


You had 15 spell levels left.
You knew the following spells:

 Your Spells              Type           Power        Failure   Level  Hunger
a - Blink                 Tloc           N/A          58%         2    ##.....


Dungeon Overview and Level Annotations

Branches:
Dungeon (6/15)
 Temple: D:4-7

Altars:
Okawaru
Sif Muna
Zin

Annotations:
D:5 Prince Ribbit


Innate Abilities, Weirdness & Mutations

You revert to your normal form in water.
You are very nimble and swift while swimming.
Your vision is a little blurry.
You are dopey. (Int -2)
You can spit poison.


Message History

You miscast Blink.
Nothing appears to happen.
The iguana closely misses you.
Casting: Blink
Confirm with . or Enter, or press ? or * to list all spells.
You miscast Blink.
Nothing appears to happen.
The iguana barely misses you.
Casting: Blink
Confirm with . or Enter, or press ? or * to list all spells.
You miscast Blink.
Strange energies run through your body. The iguana closely misses you.
Casting: Blink
Confirm with . or Enter, or press ? or * to list all spells.
You miscast Blink.
Nothing appears to happen.
The iguana completely misses you.
Casting: Blink
Confirm with . or Enter, or press ? or * to list all spells.
You miscast Blink.
Strange energies run through your body. The iguana bites you.
* * * LOW HITPOINT WARNING * * *
Casting: Blink
Confirm with . or Enter, or press ? or * to list all spells.
You miscast Blink.
The world appears momentarily distorted!
The iguana bites you!
You die...

####
##############################...
............##.......#...........
............##..@l(..#'######....
.................................
.................................
########.......)...............#.
...####........................#.
.....##....##'#####..............
(.............................##.
..............................+..
+#............................##.
#.##...#..............#...#####.
.#.#..(###.............+.......#.


You could see an iguana.

Vanquished Creatures
  Eustachio (D:4)
  Duvessa (D:6)
  5 ogres
  A centaur (D:6)
  2 giant frogs (D:6)
  A scorpion (D:6)
  A hound (D:6)
  4 crimson imps
  Dowan (D:6)
  2 giant frog skeletons
  3 orc priests
  2 iguanas
  4 orc wizards
  3 worker ants
  Ijyb (D:5)
  A worker ant zombie (D:5)
  7 adders
  A shadow imp (D:6)
  An inept feature mimic (D:5)
  3 worms
  2 giant geckos
  2 oozes
  12 orcs
  A bat skeleton (D:6)
  7 giant cockroaches
  17 hobgoblins
  5 jackals
  5 quokkas
  9 bats
  4 giant newts
  12 goblins
  14 kobolds
  A kobold skeleton (D:6)
  16 rats
152 creatures vanquished.

Notes
Turn   | Place    | Note
--------------------------------------------------------------
     0 | D:1      | Garrluk, the Merfolk Gladiator, began the quest for the Orb.
     0 | D:1      | Reached XP level 1. HP: 16/16 MP: 1/1
    78 | D:1      | Reached skill level 5 in Polearms
    78 | D:1      | Reached XP level 2. HP: 15/22 MP: 2/2
   498 | D:1      | Reached XP level 3. HP: 27/27 MP: 3/3
   860 | D:2      | Reached skill level 6 in Polearms
   901 | D:2      | Reached XP level 4. HP: 31/33 MP: 4/4
  1370 | D:2      | Reached skill level 1 in Spellcasting
  1454 | D:3      | Reached XP level 5. HP: 28/38 MP: 5/7
  1635 | D:3      | Reached skill level 7 in Polearms
  1889 | D:3      | Found a deep blue altar of Sif Muna.
  2477 | D:4      | Noticed Eustachio
  2556 | D:4      | Reached XP level 6. HP: 17/44 MP: 10/10
  2864 | D:4      | Killed Eustachio
  2864 | D:4      | Reached skill level 8 in Polearms
  2966 | D:4      | Learned a level 2 spell: Blink
  3008 | D:4      | Noticed an ogre
  3025 | D:4      | Killed an ogre
  3025 | D:4      | Reached XP level 7. HP: 22/50 MP: 13/13
  3174 | D:4      | Noticed an ogre
  3179 | D:4      | Killed an ogre
  3179 | D:4      | Reached skill level 9 in Polearms
  3699 | D:4      | Found a glowing silver altar of Zin.
  3739 | D:5      | Entered Level 5 of the Dungeon
  3995 | D:5      | Noticed Prince Ribbit
  4214 | D:5      | Reached skill level 10 in Polearms
  4232 | D:5      | Noticed Ijyb
  4239 | D:5      | Killed Ijyb
  4239 | D:5      | Reached XP level 8. HP: 54/56 MP: 16/16
  4533 | D:6      | Noticed Dowan
  4558 | D:6      | Killed Dowan
  4716 | D:6      | Reached skill level 5 in Throwing
  4926 | D:6      | Reached skill level 11 in Polearms
  5007 | D:6      | Found an iron altar of Okawaru.
  5081 | D:6      | Gained mutation: You are dopey. (Int -2) [potion of mutation]
  5081 | D:6      | Gained mutation: You can spit poison. [potion of mutation]
  5081 | D:6      | Gained mutation: Your vision is a little blurry. [potion of mutation]
  5194 | D:6      | Reached skill level 5 in Dodging
  5241 | D:6      | Noticed Duvessa
  5275 | D:6      | HP: 2/56 [Duvessa/wand of flame (3)]
  5276 | D:6      | Killed Duvessa
  5623 | D:6      | Reached skill level 12 in Polearms
  5623 | D:6      | Reached XP level 9. HP: 56/61 MP: 20/20
  5789 | D:6      | HP: 1/61 [orc warrior/runed war axe (18)]
  5839 | D:6      | HP: 3/61 [iguana (9)]
  5852 | D:6      | HP: 1/61 [iguana (4)]
  5853 | D:6      | Mangled by an iguana

Action                   |  1- 3 |  4- 6 |  7- 9 || total
-------------------------+-------+-------+-------++-------
Melee: Trident           |   120 |   233 |   275 ||   628
Throw: Stone             |    11 |     3 |       ||    14
       Throwing net      |       |     4 |       ||     4
       Dart              |       |     3 |     8 ||    11
       Tomahawk          |       |       |    21 ||    21
 Cast: Blink             |       |       |     2 ||     2
 Abil: Spit Poison       |       |       |     1 ||     1
Evoke: Wand              |       |     3 |     5 ||     8
  Use: Scroll            |       |    10 |     4 ||    14
       Potion            |       |     4 |     5 ||     9
 Stab: Held in net/web   |       |     1 |       ||     1
       Sleeping          |       |       |     1 ||     1
